 Dungeon Crawl Stone Soup version 0.27-a0-797-g27d10ad80f (webtiles) character file.

Game seed: 9592629817718360509

59 polve the Slasher (level 3, -2/29 HPs)
             Began as a Demonspawn Abyssal Knight on Mar 27, 2021.
             Was a Follower of Lugonu.
             Slain by a gnoll
             ... wielding a +5 spear
              (6 damage)
             ... on level 3 of the Dungeon.
             The game lasted 00:02:32 (1667 turns).

polve the Slasher (Demonspawn Abyssal Knight)       Turns: 1667, Time: 00:02:33

Health: -2/29      AC:  3    Str: 10 (12) XL:     3   Next: 78%
Magic:  4/4        EV: 11    Int: 13 (14) God:    Lugonu [*.....]
Gold:   76         SH:  0    Dex:  9 (12) Spells: 3/4 levels left

rFire    . . .     SeeInvis .   a - +1 falchion
rCold    . . .     Faith    .   (no shield)
rNeg     . . .     Spirit   .   b - +0 leather armour
rPois    .         Reflect  .   (no helmet)
rElec    .         Harm     .   (no cloak)
rCorr    .         Rampage  .   (no gloves)
Will     .....                  (no boots)
Stlth    +.........             (no amulet)
HPRegen  0.09/turn              (no ring)
MPRegen  0.09/turn              (no ring)

@: mighty
A: talons 1, spiny 1
a: Renounce Religion, Depart the Abyss


You were on level 3 of the Dungeon.
You worshipped Lugonu.
Lugonu was aware of your devotion.
You visited 1 branch of the dungeon, and saw 3 of its levels.
You visited the Abyss 1 time.

You collected 76 gold pieces.

Inventory:

Hand Weapons
 a - a +1 falchion (weapon)
Armour
 b - a +0 leather armour (worn)
Wands
 c - a wand of paralysis (8)
Scrolls
 e - a scroll of fog
Potions
 f - a potion of degeneration


   Skills:
 - Level 3.0 Fighting
 - Level 3.2 Long Blades
 - Level 1.7 Armour
 - Level 0.8 Dodging
 + Level 1.1 Spellcasting
 + Level 1.2 Hexes
 - Level 2.4 Invocations


You had 3 spell levels left.
You knew the following spells:

 Your Spells              Type           Power      Damage    Failure   Level
a - Corona                Hex            4%         N/A       22%         1

Your spell library contained the following spells:

 Spells                   Type           Power      Damage    Failure   Level
 Animate Skeleton         Necr           0%         N/A       36%         1
 Apportation              Tloc           0%         N/A       36%         1
 Summon Small Mammal      Summ           0%         N/A       36%         1


Dungeon Overview and Level Annotations

Branches:
Dungeon (2/15)

Altars:

Shops:
D:1 *

Annotations:
D:2 Natasha, Sigmund


Innate Abilities, Weirdness & Mutations

You have sharp toenails.
You are partially covered in sharp spines.


Message History

You hit the gnoll but do no damage. Your kick misses the gnoll.
The gnoll is heavily wounded.
The gnoll is struck by your spines. The gnoll barely misses you.
You barely miss the gnoll.
The gnoll is severely wounded.
The gnoll hits you with a +0 flail.
You hit the gnoll. You claw the gnoll, but do no damage.
The gnoll is severely wounded.
The gnoll barely misses you.
You riposte.
You hit the gnoll.
The gnoll is almost dead.
You closely miss the gnoll.
The gnoll is almost dead.
The gnoll misses you.
You slash the gnoll!
You kill the gnoll!
Lugonu accepts your kill.
Your Spellcasting skill increases to level 1!
You slash the orc!
You kill the orc!
Lugonu accepts your kill.
The gnoll hits you from afar with a +0 spear.
Found 8 gold pieces.
The gnoll closely misses you. The gnoll closely misses you.
You hit the gnoll.
The gnoll is moderately wounded.
The gnoll hits you but does no damage.
The gnoll hits you from afar with a +0 spear!
* * * LOW HITPOINT WARNING * * *
A goblin comes into view. It is wielding a +0 club.
The goblin shouts!
Found an escape hatch in the floor.
Found a whip.
You see here a murky dark potion.
It was a potion of might.
You feel very mighty all of a sudden.
The gnoll hits you from afar with a +0 spear.
* * * LOW HITPOINT WARNING * * *
The gnoll hits you from afar with a +5 spear.
You die...

. #####......... #....# .
.##.....#....#.# ####....##..
.............#.###o.....#...#
.....#.##......)).g##.....#
..##.g.........######...###
#..g..$.........###o....##
#...#########....g.......#
...## #####..##g...$....#
...# #.......@g.........#
.... ..........##.........#
...# ##.##....#####.......#
..## #.....# #......># ..
#)......# #.....# #########
..... ...


You could see 2 gnolls, an orc and a goblin.

Vanquished Creatures
  A gnoll (D:3)
  2 dart slugs (D:1)
  3 orcs (D:3)
  2 bats (D:1)
  6 endoplasms (D:1)
  A giant cockroach (D:1)
  7 goblins
  2 hobgoblins (D:1)
  4 jackals (D:1)
  5 ball pythons
  4 frilled lizards
37 creatures vanquished.

Notes
Turn   | Place    | Note
-------+----------+-------------------------------------------
     0 | Abyss:1  | polve the Demonspawn Abyssal Knight began the quest for the
                  | Orb.
     0 | Abyss:1  | Reached XP level 1. HP: 18/18 MP: 2/2
   120 | Abyss:1  | Noticed a starcursed mass
   121 | D:1      | Escaped the Abyss
   415 | D:1      | Gained mutation: You have sharp toenails. [demonic
                  | ancestry]
   415 | D:1      | Reached XP level 2. HP: 24/24 MP: 3/3
   422 | D:1      | Learned a level 1 spell: Corona
   528 | D:1      | Reached * piety under Lugonu
   910 | D:1      | Found Babano's General Store.
  1000 | D:1      | Gained mutation: You are partially covered in sharp spines.
                  | [demonic ancestry]
  1000 | D:1      | Reached XP level 3. HP: 20/29 MP: 4/4
  1472 | D:2      | Noticed Sigmund
  1476 | D:2      | Noticed Natasha
  1616 | D:2      | You fall into a shaft and drop 1 floor!
  1639 | D:3      | Reached skill level 1 in Hexes
  1648 | D:3      | Reached skill level 1 in Spellcasting
  1667 | D:3      | Slain by a gnoll

Illustrated notes

Levels and vault maps discovered:
D:1:      shiori_arrival_oz, layout_loops_ring, serial_shops, shop
D:2:      layout_rooms, uniq_natasha, uniq_sigmund
D:3:      layout_rooms, lemuel_coloured_pillars_altar,
          chequers_ecumenical_altar_simple

Skill      XL: |  1  2  3 |
---------------+----------+-----
Long Blades    | 2 3 |  3.2
Hexes          | 1 |  1.2
Spellcasting   | 1 |  1.1
Fighting       | |  3.0
Armour         | |  1.7
Dodging        | |  0.8
Invocations    | |  2.4

Action                   || total
-------------------------++-------
Melee: Falchion          ||    66
       Kick              ||     8
Invok: Depart the Abyss  ||     1
  Use: Potion            ||     4
       Scroll            ||     3
 Stab: Sleeping          ||     1
Armor: Leather armour    ||     8
Dodge: Dodged            ||    35
       Rpst.: Falchion   ||    16

Table legend: (Time is in decaauts)
 A = Elapsed time spent in this place.
 B = Non-inter-level travel time spent in this place.
 C = Inter-level travel time spent in this place.
 D = Time resting spent in this place.
 E = Time spent auto-exploring this place.
 F = Levels seen in this place.
 G = Mean time per level.
                   A        B        C        D        E       F      G
               +--------+--------+--------+--------+--------+-----+--------+
         Total |   1677 |   1613 |     64 |      0 |   1396 |   4 |  419.2 |
       Dungeon |   1556 |   1492 |     64 |      0 |   1282 |   3 |  518.7 |
         Abyss |    121 |    121 |      0 |      0 |    114 |   1 |  121.0 |
               +--------+--------+--------+--------+--------+-----+--------+

Top non-repeatable levels by time:
     D:1: 1417 daAuts
 Abyss:1: 121 daAuts
     D:2: 86 daAuts
     D:3: 53 daAuts
